 Dungeon Crawl Stone Soup version 0.31-a0-44-g49d609d0da (webtiles) character file.

Game seed: 16371762095569333634

165 porpoise the Shooter (level 5, 0/32 HPs)
             Began as a Kobold Hunter on May 20, 2023.
             Slain by a gnoll bouda
             ... wielding a +0 whip
              (9 damage)
             ... on level 2 of the Dungeon.
             The game lasted 00:05:37 (2248 turns).

porpoise the Shooter (Kobold Hunter)                Turns: 2248, Time: 00:05:37

Health: 0/32       AC:  3    Str: 15    XL:     5   Next: 74%
Magic:  5/5        EV: 15    Int: 10    God:
Gold:   107        SH:  0    Dex: 20    Spells: 4/4 levels left

rFire   . . .        a - +0 shortbow
rCold   . . .        (shield currently unavailable)
rNeg    . . .        c - +0 leather armour
rPois   .            m - +0 helmet
rElec   .            (no cloak)
rCorr   .            i - +0 pair of gloves
SInv    .            (no boots)
Will    .....        (no amulet)
Stlth   ++++         g - +6 ring of strength
HPRegen 0.25/turn    (no ring)
MPRegen 0.09/turn

%: no passive effects
@: unable to read
A: small, no large weapons, nightstalker 3, deformed body, inability to read
after injury 1
a: no special abilities


You were on level 2 of the Dungeon.
You visited 1 branch of the dungeon, and saw 3 of its levels.

You collected 107 gold pieces.

Inventory:

Hand Weapons
 a - a +0 shortbow (weapon)
 b - a +0 mace
Armour
 c - a +0 leather armour (worn)
 i - a +0 pair of gloves (worn)
 m - a +0 helmet (worn)
Jewellery
 g - a +6 ring of strength (left hand)
Wands
 l - a wand of digging (3)
Scrolls
 d - a scroll of immolation
 e - 3 scrolls of identify {unknown}
 f - 3 scrolls of teleportation {unknown}
 h - a scroll of enchant weapon {unknown}
 o - a scroll of vulnerability {unknown}
 p - a scroll of summoning {unknown}
Potions
 j - a potion of heal wounds
 k - a potion of lignification {unknown}
 n - a potion of curing
 q - a potion of haste {unknown}


   Skills:
 + Level 3.5 Fighting
 * Level 7.2 Ranged Weapons
 - Level 2.4 Dodging
 + Level 3.7 Stealth


You had 4 spell levels left.
You didn't know any spells.
Your spell library was empty.

Dungeon Overview and Level Annotations

Branches:
Dungeon (3/15)

Altars:


Innate Abilities, Weirdness & Mutations

You are small and have problems with some larger weapons.
You are completely attuned to the shadows.
Armour fits poorly on your strangely shaped body.
You occasionally lose the ability to read scrolls when taking damage.


Message History

The gnoll bouda barely misses you.
The gnoll bouda hits you with a +0 whip!
Fire: a) +0 shortbow
Press: ? - help, Q - select action Shift-Dir - straight line, f/p - gnoll bouda
Aim: a gnoll bouda, wielding a +0 whip and wearing a +0 leather armour (heavily wounded, 69% to hit)
You shoot an arrow.
The arrow completely misses the gnoll bouda.
The gnoll bouda barely misses you.
Fire: a) +0 shortbow
Press: ? - help, Q - select action Shift-Dir - straight line, f/p - gnoll bouda
Aim: a gnoll bouda, wielding a +0 whip and wearing a +0 leather armour (heavily wounded, 69% to hit)
You shoot an arrow.
The arrow barely misses the gnoll bouda.
The gnoll bouda hits you with a +0 whip.
You feel threatened and lose the ability to read scrolls!
Fire: a) +0 shortbow
Press: ? - help, Q - select action Shift-Dir - straight line, f/p - gnoll bouda
Aim: a gnoll bouda, wielding a +0 whip and wearing a +0 leather armour (heavily wounded, 69% to hit)
You shoot an arrow. The arrow hits the gnoll bouda.
The gnoll bouda is severely wounded.
The gnoll bouda mumbles some strange prayers to its god.
The gnoll bouda is healed somewhat.
Fire: a) +0 shortbow
Press: ? - help, Q - select action Shift-Dir - straight line, f/p - gnoll bouda
Aim: a gnoll bouda, wielding a +0 whip and wearing a +0 leather armour (heavily wounded, 69% to hit)
You shoot an arrow.
The arrow hits the gnoll bouda but does no damage.
The gnoll bouda is heavily wounded.
You can read scrolls again.
The gnoll bouda hits you with a +0 whip.
You feel threatened and lose the ability to read scrolls!
* * * LOW HITPOINT WARNING * * *
Fire: a) +0 shortbow
Press: ? - help, Q - select action Shift-Dir - straight line, f/p - gnoll bouda
Aim: a gnoll bouda, wielding a +0 whip and wearing a +0 leather armour (heavily wounded, 69% to hit)
You shoot an arrow.
The arrow hits the gnoll bouda but does no damage.
The gnoll bouda is heavily wounded.
The gnoll bouda hits you with a +0 whip!
You die...

######## .......# ######.# #.####
###### ######.##)###########
#.....
#...)..#........@g..########.####
..........#########.#..........#
.#######..## #...######.#.#
.##.....#..## ##### #.#.#
.#.#.....#..# #.#.##
.#..#######.# #.#...
.#..#.....#.# #.####
.#..#.....#.### #.# #
.#..#.....#...# #.# #


You could see a gnoll bouda.

Vanquished Creatures
  A scorpion (D:2)
  Robin (D:2)
  2 adders (D:2)
  3 worms (D:2)
  A dart slug (D:2)
  A bat (D:2)
  5 endoplasms (D:2)
  A giant cockroach (D:2)
  9 goblins
  10 hobgoblins
  11 jackals
  2 quokkas
  4 ball pythons
  2 frilled lizards (D:1)
  A kobold (D:1)
  3 rats (D:2)
57 creatures vanquished.

Notes
Turn   | Place    | Note
-------+----------+-------------------------------------------
     0 | D:1      | porpoise the Kobold Hunter began the quest for the Orb.
     0 | D:1      | Reached XP level 1. HP: 12/12 MP: 1/1
   162 | D:1      | Reached XP level 2. HP: 18/18 MP: 2/2
   615 | D:1      | Noticed a tormentor
   620 | D:1      | Found a faded altar of an unknown god.
   937 | D:1      | Reached XP level 3. HP: 22/22 MP: 3/3
  1128 | D:2      | Noticed a scorpion
  1138 | D:2      | Gained mutation: You occasionally lose the ability to read
                  | scrolls when taking damage. [potion of mutation]
  1138 | D:2      | Gained mutation: Armour fits poorly on your strangely
                  | shaped body. [potion of mutation]
  1149 | D:2      | Killed a scorpion
  1150 | D:2      | Reached skill level 6 in Ranged Weapons
  1150 | D:2      | Reached XP level 4. HP: 11/28 MP: 4/4
  1335 | D:2      | Reached XP level 5. HP: 25/32 MP: 5/5
  1672 | D:2      | Noticed Robin
  1675 | D:2      | Killed Robin
  1676 | D:2      | Reached skill level 7 in Ranged Weapons
  2248 | D:2      | Slain by a gnoll bouda

Illustrated notes

Levels and vault maps discovered:
D:1:      matt_arrival_grand_opening, layout_loops_corners,
          dreamdust_ecumenical_altar_sealed_demon
D:2:      layout_loops_ring, minmay_3d_cube, uniq_robin
D:3:      minmay_recursive_quarters, layout_basic,
          nicolae_qazlal_style_of_elements

Skill      XL: |  1  2  3  4  5 |
---------------+----------------+-----
Stealth        | 2 3 |  3.7
Fighting       | 3 |  3.5
Ranged Weapons | 6 7 |  7.2
Dodging        | |  2.4

Action                     |  1- 3 |  4- 6 || total
---------------------------+-------+-------++-------
   Fire: Shortbow          |    54 |   116 ||   170
  Evoke: Wand              |     3 |       ||     3
    Use: Potion            |     3 |       ||     3
 Armour: Leather armour    |     4 |     8 ||    12
  Dodge: Dodged            |    39 |    56 ||    95

Table legend: (Time is in decaauts)
 A = Elapsed time spent in this place.
 B = Non-inter-level travel time spent in this place.
 C = Inter-level travel time spent in this place.
 D = Time resting spent in this place.
 E = Time spent auto-exploring this place.
 F = Levels seen in this place.
 G = Mean time per level.
                   A        B        C        D        E       F      G
               +--------+--------+--------+--------+--------+-----+--------+
         Total |   2282 |   2208 |     74 |    290 |   1562 |   3 |  760.7 |
       Dungeon |   2282 |   2208 |     74 |    290 |   1562 |   3 |  760.7 |
               +--------+--------+--------+--------+--------+-----+--------+

Top non-repeatable levels by time:
     D:2: 1189 daAuts
     D:1: 1091 daAuts
     D:3: 1 daAuts
